 Dungeon Crawl Stone Soup version 0.31.0-1-g2c135a0 (webtiles) character file.

Game seed: 2600960621741924808

4291 onion5 the Basher (level 10, -3/90 HPs)
             Began as a Minotaur Monk on Jan 28, 2024.
             Was an Elder of Makhleb.
             Slain by a two-headed ogre
             ... wielding a +0 giant club
              (12 damage)
             ... on level 9 of the Dungeon.
             The game lasted 00:54:59 (7297 turns).

onion5 the Basher (Minotaur Monk)                   Turns: 7297, Time: 00:55:01

Health: -3/90      AC: 13    Str: 19    XL:     10   Next: 11%
Magic:  9/9        EV: 14    Int:  7    God:    Makhleb [****..]
Gold:   476        SH:  0    Dex: 20    Spells: 8/10 levels left

rFire   . . .        u - +5 mace "Tumaudef" {elec, rElec rPois, بریښنا}
rCold   . . .        d - orb {light}
rNeg    . . .        y - +0 plate armour
rPois   +            (helmet restricted)
rElec   +            (no cloak)
rCorr   .            a - +0 pair of gloves
SInv    .            Q - +0 pair of boots
Will    .....        B - amulet of regeneration Stlth
                     v - +5 ring of evasion
HPRegen 1.15/turn    A - +6 ring of dexterity
MPRegen 0.11/turn

%: no passive effects
@: very slightly contaminated, glowing
A: horns 2, retaliatory headbutt
a: Renounce Religion, Minor Destruction, Lesser Servant of Makhleb, Major
Destruction


You were on level 9 of the Dungeon.
You worshipped Makhleb.
Makhleb was greatly pleased with you.
You visited 2 branches of the dungeon, and saw 10 of its levels.

You collected 476 gold pieces.

Inventory:

Hand Weapons
 f - a +1 long sword of electrocution
 m - the +6 dagger of Feral Exoneration {pain, rElec}
   (You found it on level 9 of the Dungeon)

   rElec:     It insulates you from electricity.
 u - the +5 mace "Tumaudef" (weapon) {elec, rElec rPois, بریښنا}
   (You found it on level 3 of the Dungeon)

   rElec:     It insulates you from electricity.
   rPois:     It protects you from poison
 K - a +4 dagger
 M - the +5 dagger of the Breathing Blowfly {holy, +Blink rF+ rC+ Stlth-}
   (You found it on level 6 of the Dungeon)

   rF+:       It protects you from fire.
   rC+:       It protects you from cold.
   +Blink:    It lets you blink.
   Stlth-:    It makes you less stealthy.
 O - a +1 battleaxe
 P - a +4 war axe
Missiles
 n - 15 poisoned darts (quivered)
 N - 6 javelins
Armour
 a - a +0 pair of gloves (worn)
 d - an orb of light (worn)
 y - a +0 plate armour (worn)
 L - a +2 robe of fire resistance
 Q - a +0 pair of boots (worn)
Jewellery
 l - a ring of wizardry
 v - a +5 ring of evasion (left hand)
 A - a +6 ring of dexterity (right hand)
 B - an amulet of regeneration (around neck)
 F - a ring of willpower
 G - a ring of poison resistance
 J - a +6 ring of dexterity
 U - an amulet of faith
 V - a ring of positive energy
Talismans
 w - a flux talisman
 z - a storm talisman
Wands
 g - a wand of iceblast (5)
 H - a wand of flame (22)
 S - a wand of polymorph (8)
Scrolls
 e - 3 scrolls of blinking
 h - a scroll of fog
 k - 4 scrolls of poison
 o - 3 scrolls of revelation
 C - 2 scrolls of teleportation
 E - 2 scrolls of brand weapon
 T - a scroll of fear
 W - a scroll of silence
Potions
 b - 2 potions of brilliance
 c - a potion of ambrosia
 i - 3 potions of lignification
 j - 2 potions of attraction
 q - 2 potions of heal wounds {unknown}
 s - 5 potions of curing
 D - 2 potions of cancellation {unknown}
 R - a potion of might {unknown}


   Skills:
 + Level 8.5 Fighting
 + Level 6.5 Long Blades
 + Level 10.5 Maces & Flails
 + Level 2.7 Throwing
 + Level 3.2 Armour
 + Level 8.1 Dodging
 + Level 2.1 Stealth
 + Level 0.5 Spellcasting
 + Level 1.0 Translocations


You had 8 spell levels left.
You knew the following spells:

 Your Spells              Type           Power      Damage    Failure   Level
a - Blink                 Tloc           2%         N/A       100%        2

Your spell library contained the following spells:

 Spells                   Type           Power      Damage    Failure   Level
 Magic Dart               Conj           0%         1d3       100%        1
 Call Imp                 Summ           0%         N/A       100%        2
 Sublimation of Blood     Necr           0%         N/A       100%        2
 Inner Flame              Hex/Fire       0%         N/A       100%        3
 Flame Wave               Conj/Fire      0%         2d4       100%        4
 Petrify                  Alch/Erth      0%         N/A       100%        4
 Sticky Flame             Fire/Alch      0%         2d4       100%        4
 Irradiate                Conj/Alch      0%         3d11      100%        5


Dungeon Overview and Level Annotations

Branches:
Dungeon (9/15)             Temple (1/1) D:7
   Lair: D:8-11         Orc: D:9-12

Altars:
Ashenzari
Cheibriados
Dithmenos
Elyvilon
Fedhas
Gozag
Hepliaklqana
Kikubaaqudgha
Makhleb
Nemelex Xobeh
Okawaru
Ru
Sif Muna
Trog
Uskayaw
Vehumet
Wu Jian
Xom
Yredelemnul
Zin
The Shining One


Innate Abilities, Weirdness & Mutations

You have a pair of horns on your head.
You reflexively headbutt those who attack you in melee.


Message History

You feel invigorated. The two-headed ogre barely misses you.
The two-headed ogre hits you with a +0 giant club!
* * * LOW HITPOINT WARNING * * *
The cyclops barely misses you. The yak barely misses you.
You feel better.
You feel less invigorated.
The two-headed ogre hits you with a +0 giant club.
* * * LOW HITPOINT WARNING * * *
The two-headed ogre closely misses you. The yak gores you but does no damage.
The cyclops closely misses you. You furiously retaliate!
You headbutt the cyclops!
A wraith comes into view.
You thump the two-headed ogre! You headbutt the two-headed ogre!
The two-headed ogre is severely wounded.
A laughing skull comes into view.
The yak gores you but does no damage.
The laughing skull gives a hideous shriek!
You hit the two-headed ogre. You headbutt the two-headed ogre!
The two-headed ogre is severely wounded.
You are no longer firmly anchored in space.
You are no longer robbed of momentum.
You hear two shouts!
You hear an angry hiss. x2; You hear a shout!
The two-headed ogre hits you with a +0 giant club!
* * * LOW HITPOINT WARNING * * *
The two-headed ogre closely misses you.
The cyclops hits you but does no damage.
The yak gores you.
* * * LOW HITPOINT WARNING * * *
Aiming: Major Destruction (63% risk of failure)
Press: ? - help, Shift-Dir - straight line, f - cyclops
Aim: a cyclops, quivering large rocks (moderately wounded, haloed)
The bolt of lightning hits the cyclops.
The cyclops is moderately wounded.
The bolt of lightning hits the cyclops!
The cyclops is heavily wounded.
The bolt of lightning hits you. You resist.
* * * LOW HITPOINT WARNING * * *
You hear a shout!
The cyclops barely misses you.
The two-headed ogre hits you with a +0 giant club!
You die...

#..##. #. #..#. ###.
### #.#. .... #..
#... #.. #.# ##..
#... ..# #.# #..§#
#§# #.# #...O#Y# #
#..
#@#########.#####.
##C##..#.#.#.#...#.
#W§§#..#.#...##.##.
#..#§§###...###...#.
#z.###..##.#.)...#.#.
+..# ##..'...###.#.'.
##. #..###.## #.#.#.
# #..###.## ....#.
...# #. #..##.


You could see a two-headed ogre, a cyclops, a yak, a wraith and a laughing
skull.

Vanquished Creatures
  The ghost of ElricMelnibone the Trooper, a novice GrRe (D:6)
  A kobold demonologist (D:9)
  Sigmund (D:3)
  A wyvern (D:9)
  Eustachio (D:6)
  2 black bears (D:7)
  A sky beast (D:7)
  3 ogres
  4 phantoms
  2 necrophages (D:6)
  A kobold brigand (D:9)
  3 bullfrogs
  2 scorpions
  A gnoll sergeant (D:8)
  A wyvern zombie (D:6)
  6 wights (D:6)
  3 killer bees (D:8)
  3 howler monkeys
  5 bullfrog zombies (D:6)
  2 bombardier beetles
  A gnoll bouda (D:7)
  A human zombie (D:6)
  5 jellies
  A hound (D:4)
  2 orc priests
  Jessica (D:3)
  Natasha (thrice) (D:2)
  4 iguanas
  6 orc wizards
  Terence (D:3)
  2 killer bee zombies (D:6)
  A mummy (D:6)
  3 adders
  12 gnolls
  3 shadow imps
  2 white imps
  A dart slug (D:2)
  2 ribbon worms (D:2)
  12 orcs
  4 endoplasms
  4 giant cockroaches
  3 goblins
  5 hobgoblins
  3 jackals (D:3)
  6 quokkas
  8 ball pythons
  2 bats
  10 frilled lizards
  14 kobolds
  9 rats
  2 butterflies (D:7)
177 creatures vanquished.

Notes
Turn   | Place    | Note
-------+----------+-------------------------------------------
     0 | D:1      | onion5 the Minotaur Monk began the quest for the Orb.
     0 | D:1      | Reached XP level 1. HP: 19/19 MP: 0/0
   123 | D:1      | Reached XP level 2. HP: 10/27 MP: 1/1
   544 | D:2      | Reached XP level 3. HP: 33/33 MP: 2/2
   711 | D:2      | Noticed Natasha
   723 | D:2      | Killed Natasha
   724 | D:2      | Reached XP level 4. HP: 25/41 MP: 3/3
  1187 | D:2      | Noticed Natasha
  1195 | D:2      | Killed Natasha
  1196 | D:2      | Reached skill level 5 in Long Blades
  1325 | D:2      | Noticed Natasha
  1333 | D:2      | Killed Natasha
  1490 | D:3      | Noticed Jessica
  1502 | D:2      | Reached skill level 5 in Fighting
  1502 | D:2      | Reached XP level 5. HP: 35/48 MP: 4/4
  1504 | D:3      | Noticed Sigmund
  1583 | D:3      | Killed Sigmund
  1584 | D:3      | Reached XP level 6. HP: 23/56 MP: 5/5
  1584 | D:3      | Killed Jessica
  1610 | D:3      | Identified the +5 mace "Tumaudef" {elec, rElec rPois}
  1643 | D:3      | Found a faded altar of an unknown god.
  1737 | D:3      | Noticed Terence
  1745 | D:3      | Killed Terence
  1746 | D:3      | Reached skill level 5 in Dodging
  1902 | D:3      | Reached skill level 1 in Throwing
  2070 | D:3      | Found a hide-covered altar of Uskayaw.
  2181 | D:4      | Reached skill level 1 in Maces & Flails
  2181 | D:4      | Reached XP level 7. HP: 62/62 MP: 6/6
  2404 | D:4      | Reached skill level 1 in Armour
  2425 | D:4      | Reached skill level 2 in Maces & Flails
  2528 | D:4      | Found a burning altar of Makhleb.
  2531 | D:4      | Found a shimmering blue altar of Sif Muna.
  2537 | D:4      | Became a worshipper of Makhleb the Destroyer
  2537 | D:4      | Reached * piety under Makhleb
  2537 | D:4      | Reached ** piety under Makhleb
  2971 | D:5      | Entered Level 5 of the Dungeon
  2979 | D:5      | Reached skill level 3 in Maces & Flails
  3375 | D:5      | Found a glowing drain.
  3573 | D:5      | Reached XP level 8. HP: 60/71 MP: 7/7
  3852 | D:6      | Found a hazy altar of Hepliaklqana.
  3852 | D:6      | Found an iron altar of Okawaru.
  3858 | D:6      | Reached skill level 4 in Maces & Flails
  3858 | D:6      | Reached skill level 1 in Stealth
  3942 | D:6      | Reached skill level 5 in Maces & Flails
  3993 | D:6      | Identified the +5 dagger of the Breathing Blowfly {holy,
                  | +Blink rF+ rC+ Stlth-}
  4026 | D:6      | Found a basalt altar of Yredelemnul.
  4040 | D:6      | Reached skill level 6 in Maces & Flails
  4097 | D:6      | Reached *** piety under Makhleb
  4098 | D:6      | Reached skill level 7 in Maces & Flails
  4117 | D:6      | Noticed Eustachio
  4123 | D:6      | Killed Eustachio
  4145 | D:6      | Found a runed translucent door.
  4149 | D:6      | Noticed ElricMelnibone's ghost (novice GrRe)
  4173 | D:6      | Killed ElricMelnibone's ghost
  4174 | D:6      | Reached skill level 8 in Maces & Flails
  4174 | D:6      | Reached XP level 9. HP: 46/79 MP: 8/8
  4580 | D:6      | Reached skill level 9 in Maces & Flails
  5210 | D:7      | Reached skill level 10 in Maces & Flails
  5379 | D:7      | Found a staircase to the Ecumenical Temple.
  5394 | Temple   | Entered the Ecumenical Temple
  6201 | D:8      | Found a blossoming altar of Fedhas.
  6972 | D:8      | Learned a level 2 spell: Blink
  7197 | D:9      | Reached XP level 10. HP: 90/90 MP: 9/9
  7257 | D:9      | Reached **** piety under Makhleb
  7258 | D:9      | Reached skill level 1 in Translocations
  7275 | D:9      | Identified the +6 dagger of Feral Exoneration {pain, rElec}
  7284 | D:9      | Noticed a two-headed ogre
  7287 | D:9      | Noticed a cyclops
  7297 | D:9      | Slain by a two-headed ogre

Illustrated notes

Levels and vault maps discovered:
D:1:      psy_arrival_whirlpool, layout_rooms
D:2:      layout_loops_ring, kennysheep_boxes, uniq_natasha
D:3:      layout_rooms, lemuel_doored_altar,
          shapermc_ecumenical_altar_mp_highgroup, uniq_sigmund, uniq_jessica,
          uniq_terence
D:4:      layout_loops_ring, mainiacjoe_overflow_big_doors, corner_web_ring,
          chequers_garden
D:5:      layout_basic, portal_sewer_entry_a, minmay_lizard_king
D:6:      layout_cave_pods, lemuel_mausoleum_altar_yredelemnul,
          mainiacjoe_overflow_large_starburst, ebering_ghost_reflecting_pool,
          st_stairs_12, uniq_eustachio
D:7:      layout_loops_ring, minmay_temple_entry_butterflies
D:8:      layout_basic, kennysheep_mini_moat, minivault_21
D:9:      minmay_the_grid_plus_closed [minmay_the_grid_expand,
          minmay_the_grid_mess, minmay_the_grid_minigrid_small,
          minmay_the_grid_minigrid_large,
          minmay_the_grid_prize_four_corners_diamond_a], layout_basic,
          kennysheep_mini
Temple:   minmay_temple_curvy_branch

Skill      XL: |  1  2  3  4  5  6  7  8  9 10 |
---------------+-------------------------------+-----
Fighting       | 4 5 6 7 8 |  8.5
Long Blades    | 4 5 6 |  6.5
Dodging        | 4 5 6 7 8 |  8.1
Throwing       | 1 2 |  2.7
Maces & Flails | 1 3 8 10 | 10.5
Armour         | 2 3 |  3.2
Stealth        | 1 2 |  2.1
Translocations | 1 |  1.0
Spellcasting   | |  0.5

Action                     |  1- 3 |  4- 6 |  7- 9 | 10-12 || total
---------------------------+-------+-------+-------+-------++-------
  Melee: Falchion          |    52 |    34 |       |       ||    86
         Headbutt          |    13 |     9 |    62 |     5 ||    89
         Mace              |       |    36 |   244 |    16 ||   296
  Throw: Stone             |     3 |       |       |       ||     3
         Dart              |       |     6 |    10 |     1 ||    17
   Cast: Blink             |       |       |     7 |       ||     7
 Invoke: Lesser Servant of |       |       |       |     1 ||     1
         Major Destruction |       |       |       |     1 ||     1
    Use: Scroll            |       |       |    14 |     1 ||    15
         Potion            |       |       |       |     2 ||     2
   Stab: Sleeping          |       |       |     1 |       ||     1
 Armour: Robe              |    28 |    29 |    52 |       ||   109
         Plate armour      |       |    16 |    30 |    25 ||    71
         Skin              |       |     1 |     9 |       ||    10
  Dodge: Dodged            |    47 |    54 |   206 |    12 ||   319
